 Dungeon Crawl Stone Soup version 0.16.2-12-gd0ad4c3 (webtiles) character file.

155 Kloppie the Skirmisher (level 4, -4/40 HPs)
             Began as a Demigod Fighter on Oct 27, 2015.
             Slain by an orc
             ... wielding a +0 mace
              (6 damage)
             ... on level 4 of the Dungeon.
             The game lasted 00:03:37 (1925 turns).

Kloppie the Skirmisher (Demigod Fighter)            Turns: 1925, Time: 00:03:37

Health: -4/40      AC:  7    Str: 21    XL:     4   Next: 90%
Magic:  7/7        EV:  7    Int: 12    God:
Gold:   108        SH:  9    Dex: 15    Spells: 0 memorised, 3 levels left

rFire  . . .     SeeInvis .     a - +0 flail
rCold  . . .     Clarity  .     b - +0 scale mail
rNeg   . . .     SustAb   +     c - +0 shield
rPois  .         Gourm    .     j - +0 helmet
rElec  .         Spirit   .     (no cloak)
rCorr  .         Warding  .     (no gloves)
rMut   .         Stasis   .     (no boots)
MR     .....                    (no amulet)
Stlth  ..........               (no ring)
                                (no ring)

@: lethally poisoned (-4 -> -10), not resistant to hostile enchantments,
extremely unstealthy
A: sustain abilities
a: no special abilities


You were on level 4 of the Dungeon.
You were hungry.

You visited 1 branch of the dungeon, and saw 4 of its levels.

You collected 108 gold pieces.

Inventory:

Hand weapons
 a - a +0 flail (weapon)
Armour
 b - a +0 scale mail (worn)
 c - a +0 shield (worn)
 j - a +0 helmet (worn)
 r - a +1 scale mail of fire resistance
Jewellery
 h - an uncursed amulet of regeneration {unknown}
 i - an uncursed amulet of regeneration {unknown}
 v - an uncursed amulet of clarity {unknown}
Magical devices
 p - a wand of random effects (33)
Scrolls
 g - 2 scrolls of recharging {unknown}
 l - a scroll of fear {unknown}
 m - a scroll of enchant weapon {unknown}
 n - a scroll of remove curse {unknown}
 o - a scroll of magic mapping {unknown}
 u - a scroll of identify {unknown}
Potions
 e - 3 potions of might
 k - a potion of haste {unknown}
 q - a potion of mutation {unknown}
 s - a potion of curing {unknown}
Comestibles
 d - 6 bread rations
 f - 2 meat rations
 t - a beef jerky


   Skills:
 + Level 4.0 Fighting
 + Level 3.8 Maces & Flails
 - Level 2.6 Armour
 - Level 2.6 Shields


You had 3 spell levels left.
You didn't know any spells.

Dungeon Overview and Level Annotations

Branches:
Dungeon (4/15)
 Temple: D:4-7


Innate Abilities, Weirdness & Mutations

Your attributes are resistant to harm.


Message History

You kill the worker ant!
Your Fighting skill increases to level 4!
* * * LOW HITPOINT WARNING * * *
You feel sick. The orc wizard barely misses you.
You hit the orc wizard.
The orc wizard is heavily wounded.
The orc wizard hits you but does no damage. x2
Your shield prevents you from hitting the orc wizard.
The orc wizard is heavily wounded.
* * * LOW HITPOINT WARNING * * *
You feel sick.
The orc wizard mumbles some strange words.
The orc wizard blinks!
The orc wizard points at you and mumbles some strange words.
The magic dart hits you!
* * * LOW HITPOINT WARNING * * *
You barely miss the orc.
* * * LOW HITPOINT WARNING * * *
You feel sick. The orc hits you with a mace.
You die...

... #.......#
.#.......#.
....._.....
#.......# #...$...#
# ..... #
#.####.####.####...#
#...o...@o..().....#
..###########..#####
.## .# ##


You could see an orc wizard and an orc.

Vanquished Creatures
  A worker ant (D:4)
  An orc wizard (D:3)
  Terence (D:2)
  An adder (D:3)
  A giant mite (D:2)
  A worm (D:2)
  An ooze (D:2)
  5 orcs
  9 goblins
  5 hobgoblins
  3 jackals (D:1)
  3 ball pythons
  10 bats
  4 giant cockroaches
  6 giant newts
  12 kobolds
  4 rats
68 creatures vanquished.

Notes
Turn   | Place    | Note
--------------------------------------------------------------
     0 | D:1      | Kloppie, the Demigod Fighter, began the quest for the Orb.
     0 | D:1      | Reached XP level 1. HP: 18/18 MP: 2/2
   225 | D:1      | Reached XP level 2. HP: 23/25 MP: 3/3
   256 | D:1      | Reached skill level 3 in Fighting
   714 | D:1      | Reached XP level 3. HP: 31/31 MP: 5/5
  1134 | D:2      | Noticed Terence
  1149 | D:2      | Killed Terence
  1588 | D:3      | Reached XP level 4. HP: 37/40 MP: 7/7
  1713 | D:3      | Found a white marble altar of Elyvilon.
  1910 | D:3      | You fall through a shaft!
  1911 | D:4      | Found a deep blue altar of Sif Muna.
  1922 | D:4      | Reached skill level 4 in Fighting
  1925 | D:4      | HP: 2/40 [poisoned by a worker ant]
  1925 | D:4      | Slain by an orc

Action                   |  1- 3 |  4- 6 || total
-------------------------+-------+-------++-------
Melee: Flail             |   153 |    47 ||   200
  Eat: Chunk             |     1 |     2 ||     3
